 Dungeon Crawl Stone Soup version 0.22-a0-439-gac93bac (webtiles) character file.

12 profreshinal the Vexing (level 2, -5/11 HPs)
             Began as a Felid Enchanter on May 30, 2018.
             Slain by a worm (10 damage)
             ... on level 2 of the Dungeon.
             The game lasted 00:03:24 (700 turns).

profreshinal the Vexing (Felid Enchanter)            Turns: 700, Time: 00:03:25

Health: -5/11      AC:  1    Str:  4    XL:     2   Next: 20%
Magic:  0/6        EV: 18    Int: 16    God:
Gold:   40         SH:  0    Dex: 16    Spells: 2/5 levels left
                                        Lives:  0   Deaths: 0

rFire    . . .     SeeInvis +     - Unarmed
rCold    . . .     Gourm    .   (shield unavailable)
rNeg     . . .     Faith    .   (armour unavailable)
rPois    .         Spirit   .   (helmet unavailable)
rElec    .         Reflect  .   (cloak unavailable)
rCorr    .         Harm     .   (gloves unavailable)
MR       .....                  (boots unavailable)
Stlth    +++.......             (no amulet)
HPRegen  0.03/turn              (no ring)
MPRegen  0.10/turn              (no ring)

@: very slightly contaminated, quick
A: very small, no armour, no weapons or thrown items, stealth, claws 1, fangs 3,
see invisible, carnivore, speed 1, shaggy fur 1, slow metabolism 1, sharp paws
a: no special abilities


You were on level 2 of the Dungeon.
You were full.

You visited 1 branch of the dungeon, and saw 2 of its levels.

You collected 40 gold pieces.

Inventory:

Jewellery
 a - an uncursed amulet of the gourmand {unknown}
Scrolls
 c - a scroll of immolation {unknown}
 e - 2 scrolls of random uselessness {unknown}
 f - a scroll of identify {unknown}
 h - a scroll of enchant weapon {unknown}
Potions
 d - a potion of curing {unknown}
 g - a potion of degeneration {unknown}
 i - a potion of mutation {unknown}
Comestibles
 b - 3 rations


   Skills:
 - Level 2.6 Dodging
 - Level 4.0 Stealth
 * Level 1.7 Unarmed Combat
 + Level 2.2 Spellcasting
 + Level 4.7 Hexes


You had 2 spell levels left.
You knew the following spells:

 Your Spells              Type           Power        Failure   Level  Hunger
a - Corona                Hex            ###....      3%          1    #......
b - Ensorcelled Hibernat  Hex/Ice        #.....       12%         2    ###....

Your spell library contained the following spells:

 Spells                   Type           Power        Failure   Level  Hunger
 Confuse                  Hex            ###.....     9%          3    ###....
 Tukima's Dance           Hex            ###.....     9%          3    ###....
 Dazzling Spray           Conj/Hex       #.....       24%         3    ###....


Dungeon Overview and Level Annotations

Branches:
Dungeon (2/15)

Altars:


Innate Abilities, Weirdness & Mutations

You cannot wear armour.
You are incapable of wielding weapons or throwing items.
Your paws allow you to move quietly. (Stealth)
You have sharp claws.
You have razor-sharp teeth.
You have supernaturally acute eyesight. (SInv)
You are carnivorous and can eat meat at any time.
You cover ground quickly.
You are covered in fur. (AC +1)
You have a slow metabolism.
Your sharp claws are effective at attacking unaware monsters.


Message History

Casting: Ensorcelled Hibernation (safe; 12% risk of failure)
Confirm with . or Enter, or press ? or * to list all spells.
Aiming: Ensorcelled Hibernation (safe; 12% risk of failure)
Press: ? - help, Shift-Dir - straight line, f/p - worm
Aim: a worm (chance to defeat MR: 50%)
The worm resists with some effort.
Casting: Ensorcelled Hibernation (safe; 12% risk of failure)
Confirm with . or Enter, or press ? or * to list all spells.
Aiming: Ensorcelled Hibernation (safe; 12% risk of failure)
Press: ? - help, Shift-Dir - straight line, f/p - worm
Aim: a worm (chance to defeat MR: 50%)
The worm looks drowsy...
The helpless worm fails to defend itself.
You claw the worm!
The worm is severely wounded.
You scratch the worm but do no damage.
The worm is severely wounded.
The worm bites you!
Ouch! That really hurt!
You die...

..............#
.###......###.# #......#
### #......# ..#
#......# #.# #####.##
#.# #####..#### #.#
...........####.#####.#
#######.##..@w.>......##
......................r
.####...###.....#.....#
###..#.............
##...............
##..............
................
.##.......%......
#.............


You could see a worm.

Vanquished Creatures
  A dart slug (D:1)
  A ball python (D:1)
  3 goblins (D:1)
  2 hobgoblins (D:1)
  A kobold (D:1)
  A rat (D:1)
9 creatures vanquished.

Notes
Turn   | Place    | Note
-------+----------+-------------------------------------------
     0 | D:1      | profreshinal the Felid Enchanter began the quest for the Orb.
     0 | D:1      | Reached XP level 1. HP: 7/7 MP: 4/4
   358 | D:1      | Reached XP level 2. HP: 6/11 MP: 6/6
   579 | D:1      | Learned a level 2 spell: Ensorcelled Hibernation
   700 | D:2      | Slain by a worm

Vault maps used:
D:1:      tarquinn_simple_flora_water_d
D:2:      nicolae_gozag_cash_rules_everything_around_me

Action                   || total
-------------------------++-------
Melee: Unarmed           ||    31
       Bite              ||     2
 Cast: Ensorcelled Hiber ||     4
 Stab: Sleeping          ||     4
  Eat: Chunk             ||     3
Dodge: Dodged            ||    18

Table legend:
 A = Spawn XP
 B = Non-spawn XP
 C = Spawn XP percentage of total XP
 D = Spawn monster count
 E = Non-spawn monster count
 F = Spawn count percentage of total count
 G = Total turns spent on level
                    A         B        C        D         E        F      G
               +---------+---------+-------+---------+---------+-------+---------
         Total |       0 |      18 |   0.0 |       0 |       9 |   0.0 |   700
               +---------+---------+-------+---------+---------+-------+---------
           D:1 |       0 |      18 |   0.0 |       0 |       9 |   0.0 |   650
               +---------+---------+-------+---------+---------+-------+---------
